 Dungeon Crawl Stone Soup version 0.28-a0-241-gfbb0926a3a (webtiles) character file.

Game seed: 9303934423531375887

161 Colgate the Chopper (level 5, -1/33 HPs)
             Began as a Gargoyle Berserker on Aug 24, 2021.
             Was a Believer of Trog.
             Slain by a wight (6 damage)
             ... on level 3 of the Dungeon.
             The game lasted 00:06:31 (3492 turns).

Colgate the Chopper (Gargoyle Berserker)            Turns: 3492, Time: 00:06:31

Health: -1/33      AC: 13    Str: 21    XL:     5   Next: 42%
Magic:  5/5        EV: 11    Int:  8    God:    Trog [**....]
Gold:   42         SH:  0    Dex:  9    Spells: 4/4 levels left

rFire   . . .      SeeInvis .   Y - +0 hand axe
rCold   . . .      Faith    .   (no shield)
rNeg    + . .      Spirit   .   a - +0 ring mail
rPois   ∞          Reflect  .   (no helmet)
rElec   +          Harm     .   (no cloak)
rCorr   .          Rampage  .   (no gloves)
Will    .....                   (no boots)
Stlth   ..........              (no amulet)
HPRegen 0.11/turn               e - +4 ring of protection
MPRegen 0.09/turn               (no ring)

@: no status effects
A: sickness immunity, AC +4, negative energy resistance 1, electricity
resistance, torment resistance 1, petrification resistance
a: Renounce Religion, Berserk, Trog's Hand


You were on level 3 of the Dungeon.
You worshipped Trog.
Trog was pleased with you.
You visited 1 branch of the dungeon, and saw 3 of its levels.

You collected 42 gold pieces.


Innate Abilities, Weirdness & Mutations

You are immune to sickness and miasma.
Your stone body is resilient. (AC +4)
You are immune to poison.
You resist negative energy. (rN+)
You are resistant to electric shocks. (rElec)
You are resistant to unholy torment.
You are immune to petrification.


   Skills:
 - Level 4.0 Fighting
 + Level 5.0 Axes
 - Level 2.1 Armour
 - Level 1.5 Dodging


You had 4 spell levels left.
You didn't know any spells.
Your spell library was empty.

Inventory:

Hand Weapons
 f - a +0 flail
 Y - a +0 hand axe (weapon)
Armour
 a - a +0 ring mail (worn)
Jewellery
 e - a +4 ring of protection (left hand)
Wands
 d - a wand of flame (23)
Scrolls
 g - a scroll of teleportation
Potions
 c - a potion of curing {unknown}

Dungeon Overview and Level Annotations

Branches:
Dungeon (3/15)

Altars:


Message History

You slash the worm!
You kill the worm!
Trog accepts your kill.
You see here a worm corpse.
You open the door.
A wight comes into view. It is wielding a +6 spear.
Found a purple potion.
Enter note: A wight comes into view. It is wielding a +3 battleaxe.
There is an open door here.
A wight comes into view. It is wielding a +0 battleaxe.
The wight completely misses you. The wight hits you but does no damage.
You hit the wight.
The wight is lightly damaged.
The wight barely misses you.
You barely miss the wight.
The wight is lightly damaged.
You hit the wight. The wight misses you. The wight hits you but does no damage.
You hit the wight but do no damage.
The wight is moderately damaged.
You closely miss the wight. The wight hits you but does no damage.
You closely miss the wight.
The wight is moderately damaged.
You barely miss the wight. The wight barely misses you.
The wight hits you from afar with a +6 spear.
The wight closely misses you.
You hit the wight.
The wight is moderately damaged.
You hit the wight but do no damage.
The wight hits you from afar with a +6 spear.
The wight hits you with a +3 battleaxe!
3492 ||| INVOKING Berserk.
You fail to use your ability.
The wight barely misses you.
The wight hits you from afar with a +6 spear!
The wight hits you with a +3 battleaxe.
You die...

#. #.## #+## ..# #...## #.#
##.....## ##.## ##.......#
##...####..z......
##.......'.@.z.....
#.......##.z.......
#.##.##.###.......#
#.##.##.# ##...!.##
#....##.# #......# #..####.#
#.#+##.# ####..#....#
#.#.##.# #..........#
#.#.##.#####.#
#.###.#...#####.#.#........#


You could see 3 wights.

Vanquished Creatures
  A wight (D:3)
  5 adders
  A worm (D:3)
  A dart slug (D:1)
  5 orcs (D:3)
  3 ball pythons
  8 endoplasms
  3 giant cockroaches (D:1)
  4 hobgoblins
  2 jackals (D:1)
  8 kobolds
  A quokka (D:1)
  5 bats
  5 frilled lizards
  6 goblins
  4 rats
62 creatures vanquished.

Notes
Turn   | Place    | Note
-------+----------+-------------------------------------------
     0 | D:1      | Colgate the Gargoyle Berserker began the quest for the Orb.
     0 | D:1      | Reached XP level 1. HP: 14/14 MP: 1/1
     0 | D:1      | 0 ||| counter = 72
   132 | D:1      | Reached skill level 3 in Axes
   217 | D:1      | Reached XP level 2. HP: 16/19 MP: 2/2
   299 | D:1      | 299 ||| DROPPING +0 club.
   639 | D:1      | 639 ||| DROPPING +0 mace.
   726 | D:1      | Reached XP level 3. HP: 15/23 MP: 3/3
  1097 | D:1      | 1097 ||| READING scroll labelled ELUASU ITEE.
  1102 | D:1      | 1102 ||| READING scroll labelled GUDWUC XANY.
  1138 | D:2      | 1138 ||| STAIRDANCE
  1148 | D:1      | HP: 5/23 [adder (4)]
  1149 | D:1      | 1149 ||| INVOKING Berserk.
  1153 | D:1      | Reached ** piety under Trog
  1154 | D:1      | Reached skill level 4 in Axes
  1390 | D:2      | 1390 ||| STAIRDANCE
  1687 | D:2      | Reached XP level 4. HP: 21/28 MP: 4/4
  1911 | D:2      | 1911 ||| INVOKING Berserk.
  2637 | D:2      | 2637 ||| UPGRADING to +0 ring mail.
  2647 | D:2      | 2647 ||| DROPPING +0 animal skin.
  2648 | D:2      | 2648 ||| UPGRADING to +4 ring of protection.
  2817 | D:3      | 2817 ||| STAIRDANCE
  3045 | D:3      | Reached skill level 5 in Axes
  3045 | D:3      | 3045 ||| STAIRDANCE
  3252 | D:3      | 3252 ||| STAIRDANCE
  3299 | D:3      | Reached XP level 5. HP: 28/33 MP: 5/5
  3299 | D:3      | 3299 ||| STAIRDANCE
  3492 | D:3      | 3492 ||| INVOKING Berserk.
  3492 | D:3      | HP: 5/33 [wight (11)]
  3492 | D:3      | Slain by a wight

Levels and vault maps discovered:
D:1:      dpeg_arrival_shelter, layout_basic
D:2:      layout_basic, grunt_ministairs_1
D:3:      layout_loops_corners, shapermc_ecumenical_altar_mp_vishouse,
          corexii_hall_statues_s, hex_tiny

Skill      XL: |  1  2  3  4 |
---------------+-------------+-----
Axes           | 3 4 5 |  5.0
Fighting       | 4 |  4.0
Armour         | |  2.1
Dodging        | |  1.5

Action                   |  1- 3 |  4- 6 || total
-------------------------+-------+-------++-------
Melee: Hand axe          |   140 |   117 ||   257
Invok: Berserk           |     1 |     1 ||     2
  Use: Scroll            |     2 |       ||     2
 Stab: Sleeping          |     1 |       ||     1
Armor: Animal skin       |    48 |    19 ||    67
       Ring mail         |       |    21 ||    21
Dodge: Dodged            |    94 |    63 ||   157

Table legend:
 A = Non-vault XP
 B = Vault XP
 C = Vault XP percentage of total XP
 D = Non-vault monster count
 E = Vault monster count
 F = Vault count percentage of total count
                 A         B        C        D         E       F
            +---------+---------+-------+---------+---------+-------
      Total |     215 |      15 |   6.5 |      60 |       2 |   3.2
            +---------+---------+-------+---------+---------+-------
        D:1 |      47 |      15 |  24.2 |      27 |       2 |   6.9
        D:2 |      79 |       0 |   0.0 |      21 |       0 |   0.0
        D:3 |      89 |       0 |   0.0 |      12 |       0 |   0.0
            +---------+---------+-------+---------+---------+-------
